 Dungeon Crawl Stone Soup version 0.25-a0-737-g26c3a87c45 (webtiles) character file.

Game seed: 3641008605985451222, levelgen mode: deterministic

13 Esekla the Grasshopper (level 2, -1/23 HPs)
             Began as a Barachi Warper on Apr 12, 2020.
             Slain by a jackal (3 damage)
             ... on level 1 of the Dungeon.
             The game lasted 00:01:47 (187 turns).

Esekla the Grasshopper (Barachi Warper)              Turns: 187, Time: 00:01:47

Health: -1/23      AC:  3    Str: 12    XL:     2   Next: 37%
Magic:  0/5        EV: 12    Int: 13    God:
Gold:   38         SH:  0    Dex: 11    Spells: 2/6 levels left

rFire    . . .     SeeInvis .   a - +0 falchion
rCold    . . .     Gourm    .   (no shield)
rNeg     . . .     Faith    .   b - +0 leather armour
rPois    .         Spirit   .   (no helmet)
rElec    .         Reflect  .   (no cloak)
rCorr    .         Harm     .   (no gloves)
MR       .....                  (no boots)
Stlth    +.........             (no amulet)
HPRegen  0.07/turn              (no ring)
MPRegen  0.09/turn              (no ring)

@: very slightly contaminated, slow
A: +LOS, swims, slowness 1, strong legs 1
a: Hop


You were on level 1 of the Dungeon.
You were not hungry.

You visited 1 branch of the dungeon, and saw 1 of its levels.

You collected 38 gold pieces.

Inventory:

Hand Weapons
 a - a +0 falchion (weapon)
Missiles
 e - 5 boomerangs of dispersal (quivered)
Armour
 b - a +0 leather armour (worn)
Scrolls
 d - a scroll of blinking
Potions
 c - a potion of heal wounds {unknown}
Comestibles
 f - a ration


   Skills:
 + Level 2.5 Fighting
 * Level 2.8 Long Blades
 + Level 1.0 Throwing
 + Level 1.2 Armour
 + Level 2.3 Dodging
 * Level 2.6 Spellcasting
 + Level 3.3 Translocations


You had 2 spell levels left.
You knew the following spells:

 Your Spells              Type           Power        Failure   Level  Hunger
a - Shroud of Golubria    Chrm/Tloc      #.....       24%         2    ###....
b - Blink                 Tloc           N/A          12%         2    ###....

Your spell library contained the following spells:

 Spells                   Type           Power        Failure   Level  Hunger
 Gell's Gravitas          Tloc           ##........   24%         3    ###....
 Lesser Beckoning         Tloc           ##........   24%         3    ###....
 Teleport Other           Tloc           ##......     24%         3    ###....
 Passage of Golubria      Tloc           N/A          61%         4    #####..


Dungeon Overview and Level Annotations

Branches:
Dungeon (1/15)

Altars:


Innate Abilities, Weirdness & Mutations

You can be seen from farther away. (+LOS)
You can swim through water.
You cover ground slowly.
You can hop short distances.


Message History

A jackal comes into view.
The jackal barks!
You hear a bark!
The jackal barely misses you.
You see here 23 sling bullets.
Your shroud unravels.
The jackal closely misses you.
You riposte.
You hit the jackal.
You kill the jackal!
Casting: Shroud of Golubria (safe; 24% risk of failure)
Confirm with . or Enter, or press ? or * to list all spells.
You miscast Shroud of Golubria.
You are very lightly contaminated with residual magic.
You feel uncomfortable.
A jackal comes into view.
The jackal closely misses you.
You riposte.
You hit the jackal.
The jackal is heavily wounded.
Casting: Shroud of Golubria (safe; 24% risk of failure)
Confirm with . or Enter, or press ? or * to list all spells.
Space distorts slightly along a thin shroud covering your body.
The jackal bites you.
You die...

.. #w# #..# #.
#.# ##.. ..
#.# ### #h #.#
#. #.#
#.#####.####.#
#.......h.)..#
#######h#####
#@# #.# #.#
..# ###


You could see 3 jackals.

Vanquished Creatures
  4 goblins (D:1)
  4 jackals (D:1)
  A bat (D:1)
  A kobold (D:1)
  A rat (D:1)
11 creatures vanquished.

Notes
Turn   | Place    | Note
-------+----------+-------------------------------------------
     0 | D:1      | Esekla the Barachi Warper began the quest for the Orb.
     0 | D:1      | Reached XP level 1. HP: 17/17 MP: 3/3
   106 | D:1      | Reached XP level 2. HP: 4/23 MP: 3/5
   110 | D:1      | Learned a level 2 spell: Shroud of Golubria
   113 | D:1      | Learned a level 2 spell: Blink
   179 | D:1      | HP: 1/23 [goblin/+0 club (2)]
   187 | D:1      | Slain by a jackal

Levels and vault maps discovered:
D:1:      scummos_arrival_star, layout_loops_ring

Action                   || total
-------------------------++-------
Melee: Falchion          ||    32
 Cast: Shroud of Golubri ||     3
Armor: Leather armour    ||     9
Dodge: Dodged            ||    25
       Rpst.: Falchion   ||    12

Table legend:
 A = Non-vault XP
 B = Vault XP
 C = Vault XP percentage of total XP
 D = Non-vault monster count
 E = Vault monster count
 F = Vault count percentage of total count
                 A         B        C        D         E       F
            +---------+---------+-------+---------+---------+-------
      Total |      19 |       0 |   0.0 |      11 |       0 |   0.0
            +---------+---------+-------+---------+---------+-------
        D:1 |      19 |       0 |   0.0 |      11 |       0 |   0.0
            +---------+---------+-------+---------+---------+-------
